 Dungeon Crawl Stone Soup version 0.26-a0-651-gb41185065b (webtiles) character file.

Game seed: 9342901442257652246

164490 raph the Thaumaturge (level 17, -4/67 HPs)
             Began as a Deep Elf Hedge Wizard on Sept 30, 2020.
             Was the Champion of Dithmenos.
             Slain by a quicksilver dragon (11 damage)
             ... on level 2 of the Abyss on Oct 14, 2020.
             The game lasted 04:02:36 (63952 turns).

raph the Thaumaturge (Deep Elf Hedge Wizard)       Turns: 63952, Time: 04:02:37

Health: -4/67      AC: 15    Str: 11 (12) XL:     17   Next: 26%
Magic:  11/30      EV: 22    Int: 30      God:    Dithmenos [******]
Gold:   2309       SH: 13    Dex: 16 (19) Spells: 2/45 levels left

rFire    + + .     SeeInvis +   S - +7 captain's cutlass {speed, disarm}
rCold    + + .     Faith    .   V - +3 buckler
rNeg     . . .     Spirit   .   w - +4 robe of Augmentation {Str+4 Int+4 Dex+4}
rPois    +         Reflect  +   R - +2 helmet {SInv}
rElec    +         Harm     .   U - scarf {rC+ rF+}
rCorr    +         Rampage  .   Q - +2 pair of gloves {Dex+3}
MR       +....     Rnd*Rage +   l - +2 pair of boots
Stlth    ++++++....             H - amulet of reflection
HPRegen  0.21/turn              y - ring of stealth
MPRegen  0.22/turn              D - +6 ring of intelligence

@: about to teleport, resistant, wreathed by umbra, very slow
A: [berserk 3], [clumsy 2], [deterioration 2], [dopey 2], [frail 3], [low mp 2],
[screaming 3], [subdued magic 3]
a: Shadow Step, Shadow Form, Renounce Religion


You were on level 2 of the Abyss.
You worshipped Dithmenos.
Dithmenos was exalted by your worship.
You visited 5 branches of the dungeon, and saw 29 of its levels.
You visited the Abyss 1 time.
You also visited: Ossuary, Ice Cave and Volcano.

You collected 3789 gold pieces.
You spent 1480 gold pieces at shops.

Inventory:

Hand Weapons
 a - a +6 dagger of pain
 S - the +7 captain's cutlass (weapon) {speed, disarm}
   (You found it on level 11 of the Dungeon)

   Attacks with this weapon are significantly faster.
 T - a +7 dagger
Missiles
 k - 27 javelins
 n - 175 poisoned darts
 W - 2 curare-tipped darts (quivered)
Armour
 l - a +2 pair of boots (worn)
 w - the +4 robe of Augmentation (worn) {Str+4 Int+4 Dex+4}
   (You found it on level 4 of the Dungeon)

   It affects your strength (+4).
   It affects your intelligence (+4).
   It affects your dexterity (+4).
 M - the +0 leather armour of Ecugatume {Regen+ Int+4}
   (You found it on level 12 of the Dungeon)

   It affects your intelligence (+4).
   It increases your rate of regeneration.
 Q - a +2 pair of gloves of dexterity (worn)
 R - a +2 helmet of see invisible (worn)
 U - a scarf of resistance (worn)
 V - a +3 buckler (worn)
Magical Staves
 b - an uncursed staff of conjuration
 x - a cursed staff of air
Jewellery
 p - an uncursed ring of resist corrosion
 r - an uncursed amulet of faith
 y - a ring of stealth (left hand)
 D - a +6 ring of intelligence (right hand)
 H - an amulet of reflection (around neck)
 Y - a cursed amulet of regeneration
Wands
 c - a wand of disintegration (40)
 E - a wand of digging (16)
 F - a wand of iceblast (30)
 I - a wand of acid (6)
 K - a wand of flame (49)
 L - a wand of paralysis (34)
Scrolls
 f - 10 scrolls of teleportation
 g - 23 scrolls of identify
 j - 13 scrolls of remove curse
 o - a scroll of magic mapping
 q - a scroll of holy word
 u - 7 scrolls of amnesia
 J - a scroll of silence
 X - 2 scrolls of enchant armour
 Z - a scroll of fog
Potions
 d - 12 potions of curing
 e - 4 potions of heal wounds
 h - a potion of might
 i - 7 potions of stabbing
 m - 4 potions of berserk rage
 s - 2 potions of ambrosia
 t - 4 potions of brilliance
 v - 4 potions of mutation
 z - 5 potions of flight
 A - 5 potions of haste
 B - 5 potions of lignification
 C - 2 potions of invisibility
 G - 3 potions of resistance
 N - a potion of cancellation
Miscellaneous
 O - a phial of floods (inert)


   Skills:
 + Level 7.7 Fighting
 - Level 10.0 Short Blades
 * Level 13.7 Dodging
 + Level 13.7 Stealth
 - Level 4.0 Shields
 + Level 14.7 Spellcasting
 + Level 14.0 Conjurations
 - Level 6.4 Summonings
 - Level 11.4 Necromancy
 - Level 1.1 Translocations
   Level 2.7 Fire Magic
 + Level 11.7 Air Magic
 - Level 2.6 Poison Magic
 - Level 4.0 Invocations


You had 2 spell levels left.
You knew the following spells:

 Your Spells              Type           Power        Failure   Level
a - Magic Dart            Conj           ####         0%          1
b - Blink                 Tloc           N/A          1%          2
c - Animate Dead          Necr           #####.....   1%          4
d - Mephitic Cloud        Conj/Pois/Air  #####...     0%          3
e - Lightning Bolt        Conj/Air       ######....   1%          5
f - Iskenderun's Mystic   Conj/Tloc      #####...     1%          4
g - Agony                 Necr           #####...     1%          5
h - Apportation           Tloc           ###...       1%          1
i - Dazzling Flash        Conj/Hex       ####..       1%          3
j - Summon Lightning Spi  Summ/Air       #####...     1%          4
k - Airstrike             Air            #####.....   1%          4
l - Swiftness             Air            #####...     0%          2
m - Borgnjor's Vile Clut  Necr/Erth      ####......   2%          5

Your spell library contained the following spells:

 Spells                   Type           Power        Failure   Level
 Animate Skeleton         Necr           #####.       0%          1
 Pain                     Necr           ####         0%          1
 Shock                    Conj/Air       ####         0%          1
 Summon Small Mammal      Summ           ####         0%          1
 Corpse Rot               Necr/Air       N/A          0%          2
 Searing Ray              Conj           ######       0%          2
 Corona                   Hex            ##.....      1%          1
 Call Imp                 Summ           ####....     1%          2
 Ensorcelled Hibernation  Hex/Ice        ##....       1%          2
 Passwall                 Tmut/Erth      ##......     1%          2
 Slow                     Hex            ##......     1%          2
 Static Discharge         Conj/Air       ######..     0%          3
 Call Canine Familiar     Summ           ####....     1%          3
 Conjure Flame            Conj/Fire      #####...     1%          3
 Gell's Gravitas          Tloc           ###.......   1%          3
 Lesser Beckoning         Tloc           ###.......   1%          3
 Summon Guardian Golem    Hex/Summ       ###.....     1%          3
 Dispel Undead            Necr           #####...     1%          4
 Fulminant Prism          Conj/Hex       ####......   1%          4
 Death Channel            Necr           #####.....   1%          6
 Confusing Touch          Hex            ##......     2%          3
 Tukima's Dance           Hex            ##......     2%          3
 Summon Ice Beast         Ice/Summ       ###.....     2%          4
 Passage of Golubria      Tloc           N/A          8%          4
 Petrify                  Tmut/Erth      ##......     13%         4
 Simulacrum               Ice/Necr       ####......   19%         6
 Alistair's Intoxication  Tmut/Pois      ###......    22%         5
 Lee's Rapid Deconstruct  Erth           ##........   38%         5
 Metabolic Englaciation   Hex/Ice        ##........   38%         5
 Yara's Violent Unravell  Hex/Tmut       ##........   38%         5
 Invisibility             Hex            ##......     94%         6


Dungeon Overview and Level Annotations

Branches:
Dungeon (15/15)            Temple (0/1) D:7            Lair (6/6) D:10
 Shoals (3/4) Lair:4       Spider (0/4) Lair:4        Slime (0/5) Lair:6
    Orc (2/2) D:12            Elf (3/3) Orc:2        Vaults (0/5) D:13
 Depths (0/5) D:15        Ossuary (visited)           IceCv (visited)
Volcano (visited)

Altars:
Dithmenos
Fedhas
Gozag
Kikubaaqudgha
Makhleb
Ru
Sif Muna
Trog
Vehumet
Yredelemnul
Zin
The Shining One
Beogh
Jiyva

Shops:
D:5 !   D:8 *   D:11 [   D:12 [   D:14 =   Orc:2 !(}}

Annotations:
D:15 3 runed translucent doors, Onympaiv's ghost, journeyman BaFi
Lair:2 exclusion: oklob plant
Lair:3 exclusion: 4 oklob plants
Elf:2 1 runed translucent door, Roxanne


Innate Abilities, Weirdness & Mutations

[You have an uncontrollable temper.]
[You are very clumsy. (Dex -4)]
[Your body often deteriorates upon taking damage.]
[You are very dopey. (Int -4)]
[You are extremely frail. (-30% HP)]
[Your magical capacity is very low. (-20% MP)]
[You frequently scream uncontrollably at your foes.]
[Your spells are much easier to cast, but much less powerful.]


Message History

You fall into the shallow water.
Moving in this stuff is going to be slow.
The quicksilver dragon is engulfed in water.
Something shouts, "Back with thee, thou foppish hell-hated tiler!"
You hear a roar!
The quicksilver dragon completely misses you.
The quicksilver dragon claws you!
* * * LOW HITPOINT WARNING * * *
Your body deteriorates!
You feel clumsy.
You feel much better.
You block the quicksilver dragon's attack. x2
Okay, then.
You feel protected. The quicksilver dragon bites you!!
* * * LOW HITPOINT WARNING * * *
Your body deteriorates!
You feel clumsy.
You emit a cloud of dark smoke.
The quicksilver dragon claws you.
* * * LOW HITPOINT WARNING * * *
The quicksilver dragon bites you!
You die...

#....##....
°...# #..
##.##..#.R#
#...### .
.#....##R ##
... #...##
....(.#☼..
.#...#.##.#
#°..#..... .#.#
. #R#.## ..§.
##. D.
#z#########..#.
# . ##D## ..#..
# ##@## ##....
. .### # #. .
.# ## ..


You could see a quicksilver dragon (waterlogged) and a flying skull.

Vanquished Creatures
  Mara (Shoals:3)
  Saint Roka (Elf:2)
  Agnes (Elf:1)
  Donald (Elf:2)
  An orc warlord (Orc:1)
  A deep elf sorcerer (Elf:3)
  2 deep elf demonologists
  3 deep elf annihilators (Elf:3)
  A merfolk javelineer (Shoals:3)
  A deep elf death mage (Elf:1)
  A merfolk impaler (Shoals:1)
  2 ogre magi
  Erolcha (Orc:2)
  2 hydras
  An ice dragon (D:15)
  A centaur warrior (D:15)
  2 satyrs
  3 merfolk aquamancers
  2 merfolk avatars
  23 dancing weapons
  14 two-headed ogres
  3 death yaks (D:10)
  An orc high priest (Elf:1)
  A tengu warrior (D:15)
  Sonja (Orc:2)
  9 deep elf knights
  Urug (D:11)
  A hell knight (Volcano)
  A sixfirhy (Abyss:2)
  A death drake (shapeshifter) (Elf:3)
  A wizard (D:13)
  4 sea snakes
  3 unseen horrors
  3 deep elf archers
  Pikel (D:5)
  6 harpies (Shoals:3)
  An orc knight (Orc:1)
  A necromancer (D:15)
  8 ugly things
  8 orc sorcerers
  27 deep elf magi
  12 elephants
  7 cyclopes
  9 manticores
  7 merfolk sirens
  A wolf spider (D:15)
  6 fauns
  5 black mambas
  3 water nymphs
  A naga mage (D:15)
  3 cane toads
  5 komodo dragons
  A rime drake (Lair:4)
  A freezing wraith (D:14)
  7 trolls
  3 wind drakes (Shoals:3)
  A harpy skeleton (D:15)
  11 merfolk
  A merfolk (shapeshifter) (D:15)
  2 meliai (D:13)
  4 polar bears (Lair:6)
  5 hornets
  3 slime creatures (D:15)
  13 hippogriffs
  6 dream sheep
  6 snapping turtles
  5 blink frogs
  3 vampires
  13 spriggans (Lair:6)
  4 air elementals
  20 yaks
  11 water elementals
  7 fire elementals
  2 large abominations (Elf:1)
  A wraith (D:11)
  A wyvern (D:7)
  2 basilisks
  A steam dragon (D:12)
  2 vampire mosquitoes (D:14)
  2 wargs
  An acid dragon (D:15)
  5 sky beasts
  10 water moccasins
  7 porcupines
  3 hell hounds (D:15)
  20 orc warriors
  A phantom (D:11)
  7 ice beasts
  3 black bears (Lair:6)
  18 ogres
  4 boggarts (Lair:6)
  16 wolves
  12 centaurs
  8 crocodiles
  2 lemures (D:5)
  3 elf zombies (Elf:1)
  2 big kobolds
  23 bullfrogs
  A small abomination (Abyss:2)
  An earth elemental (Elf:1)
  A wyvern skeleton (D:13)
  3 scorpions
  A water moccasin skeleton (D:11)
  12 killer bees
  7 wights
  9 electric eels
  7 howler monkeys
  2 centaur zombies
  5 jellies
  A quasit (D:7)
  11 orc priests
  9 hounds
  22 orc wizards
  2 centaur skeletons
  3 iguanas
  7 worker ants
  A hound zombie (D:6)
  7 adders
  2 shadow imps
  A white imp (D:6)
  An ufetubus (D:9)
  An ooze (D:5)
  2 adder zombies
  An adder skeleton (D:9)
  2 worms
  7 leopard geckos
  70 orcs
  A ball python (D:1)
  6 bats
  6 giant cockroaches
  4 hobgoblins
  8 jackals
  2 quokkas
  6 frilled lizards
  6 gnoll skeletons (Ossuary)
  5 goblins
  16 kobolds
  7 kobold skeletons (Ossuary)
  12 orc skeletons (Ossuary)
  A quokka skeleton (D:8)
  11 rats
  A starspawn tentacle (Abyss:2)
780 creatures vanquished.

Vanquished Creatures (collateral kills)
  Asterion (Elf:2)
  A kraken (Shoals:2)
  A deep elf sorcerer (Elf:3)
  Azrael (D:15)
  Fannar (D:11)
  2 hydras
  A merfolk avatar (Shoals:2)
  A dancing weapon (Elf:1)
  A satyr (Shoals:2)
  5 death yaks (D:10)
  2 sea snakes (Shoals:2)
  A wizard (D:15)
  A deep elf archer (Elf:3)
  An orc knight (Orc:2)
  4 harpies (Shoals:3)
  5 deep elf magi
  A cyclops (D:11)
  3 orc sorcerers (Orc:2)
  2 fauns (Shoals:1)
  A centaur zombie (D:15)
  An ugly thing (D:15)
  A manticore (Shoals:2)
  A merfolk siren (Shoals:3)
  4 elephants
  A water nymph (Shoals:1)
  2 rime drakes (Lair:2)
  A gargoyle (D:12)
  2 centaur skeletons
  A troll (Orc:1)
  A meliai (D:13)
  3 merfolk (Shoals:2)
  Grinder (D:5)
  2 wind drakes
  2 blink frogs (Lair:2)
  2 hippogriffs
  A slime creature (D:14)
  A dream sheep (Shoals:1)
  A snapping turtle (Shoals:2)
  7 yaks
  A wraith (D:12)
  A human (shapeshifter) (Elf:1)
  A wyvern (D:11)
  A vampire mosquito (D:15)
  4 wargs (Orc:1)
  An acid dragon (D:15)
  A porcupine (Lair:4)
  3 ice beasts
  3 phantoms
  6 orc warriors
  4 ogres
  4 centaurs
  2 bullfrogs
  A wyvern skeleton (D:9)
  5 killer bees
  A wight (D:15)
  A jelly (D:14)
  2 orc priests
  2 bullfrog skeletons
  14 orc wizards
  A worker ant (D:10)
  A mummy (Ossuary)
  2 adders
  A white imp (D:10)
  A worm (D:2)
  A dart slug (D:2)
  A leopard gecko (D:5)
  36 orcs
  A giant cockroach (D:2)
  A hobgoblin (D:3)
  2 jackals (D:11)
  A kobold (D:8)
  A quokka (D:8)
179 creatures vanquished.

Vanquished Creatures (others)
  A deep elf mage (D:15)
  A centaur zombie (D:15)
  A troll (Elf:2)
  2 harpy skeletons (D:15)
  2 water elementals (Elf:1)
  5 insubstantial wisps (Elf:1)
  2 orc wizards (Orc:2)
  4 orcs
  38 fungi
  93 plants
  6 starspawn tentacles (Abyss:2)
  14 tentacles
169 creatures vanquished.

Grand Total: 1128 creatures vanquished

Notes
Turn   | Place    | Note
-------+----------+-------------------------------------------
     0 | D:1      | raph the Deep Elf Hedge Wizard began the quest for the Orb.
     0 | D:1      | Reached XP level 1. HP: 10/10 MP: 7/7
   375 | D:1      | Reached XP level 2. HP: 13/15 MP: 5/9
   628 | D:1      | Learned a level 2 spell: Blink
   631 | D:1      | Learned a level 2 spell: Call Imp
  1498 | D:2      | Reached XP level 3. HP: 12/19 MP: 7/11
  1753 | D:2      | Found a shadowy altar of Dithmenos.
  1785 | D:2      | Learned a level 3 spell: Mephitic Cloud
  1789 | D:2      | Learned a level 3 spell: Conjure Flame
  1790 | D:2      | Became a worshipper of Dithmenos the Shadowed
  2858 | D:3      | Reached skill level 5 in Spellcasting
  2889 | D:3      | Reached XP level 4. HP: 15/24 MP: 0/13
  3264 | D:3      | Noticed an ogre
  3282 | D:3      | Killed an ogre
  3282 | D:3      | Reached XP level 5. HP: 7/28 MP: 2/14
  3914 | D:4      | Found an opulent altar of Gozag.
  3948 | D:4      | Reached * piety under Dithmenos
  4115 | D:4      | Found a sand-covered staircase.
  4120 | Ossuary  | Entered an ossuary
  4120 | Ossuary  | Noticed a wraith
  4120 | Ossuary  | Noticed a wraith
  4120 | Ossuary  | Noticed a wraith
  5194 | Ossuary  | Noticed a wraith
  5557 | D:4      | Noticed an ogre
  5567 | D:4      | Killed an ogre
  5567 | D:4      | Reached XP level 6. HP: 23/32 MP: 0/16
  5686 | D:4      | Found the +4 robe of Augmentation {Str+4 Int+4 Dex+4}
  6676 | D:5      | Entered Level 5 of the Dungeon
  6677 | D:5      | Found Souleag's Distillery.
  6683 | D:5      | Bought a potion of heal wounds for 55 gold pieces
  6899 | D:5      | Noticed Grinder
  6908 | D:5      | Paralysed by Grinder for 4 turns
  6948 | D:5      | Killed Grinder
  6948 | D:5      | Reached skill level 1 in Fire Magic
  6948 | D:5      | Reached skill level 1 in Air Magic
  6948 | D:5      | Reached XP level 7. HP: 20/36 MP: 7/17
  7161 | D:5      | Reached skill level 5 in Stealth
  7435 | D:5      | Reached ** piety under Dithmenos
  7978 | D:5      | Noticed Pikel
  8057 | D:6      | Reached skill level 5 in Conjurations
  8733 | D:6      | Reached XP level 8. HP: 42/42 MP: 10/18
  8793 | D:6      | Found an ancient bone altar of Kikubaaqudgha.
  8950 | D:6      | Found a basalt altar of Yredelemnul.
  9326 | D:7      | Reached skill level 1 in Short Blades
  9405 | D:7      | Reached skill level 1 in Fighting
  9490 | D:7      | Learned a level 1 spell: Animate Skeleton
  9492 | D:7      | Learned a level 1 spell: Summon Small Mammal
  9494 | D:7      | Learned a level 1 spell: Apportation
  9643 | D:7      | Reached skill level 1 in Necromancy
  9683 | D:7      | Learned a level 3 spell: Dazzling Flash
  9766 | D:7      | Reached skill level 1 in Poison Magic
 10040 | D:7      | Found a staircase to the Ecumenical Temple.
 10469 | D:8      | Found a burning altar of Makhleb.
 10469 | D:8      | Found Eklo's Wicked Wares.
 11018 | D:8      | Reached *** piety under Dithmenos
 11067 | D:8      | Reached XP level 9. HP: 35/48 MP: 6/19
 12260 | D:8      | Found a glowing silver altar of Zin.
 12470 | D:9      | Noticed a two-headed ogre
 12659 | D:8      | Killed a two-headed ogre
 12659 | D:8      | Reached skill level 5 in Summonings
 12659 | D:8      | Reached skill level 5 in Necromancy
 12659 | D:8      | Reached skill level 1 in Invocations
 12892 | D:9      | Found a sacrificial altar of Ru.
 13294 | D:9      | Reached XP level 10. HP: 54/54 MP: 13/20
 13561 | D:9      | Found a blossoming altar of Fedhas.
 13561 | D:9      | Found a glowing golden altar of the Shining One.
 13745 | D:10     | Entered Level 10 of the Dungeon
 14237 | D:10     | Noticed a death yak
 14238 | D:10     | Noticed a death yak
 14910 | D:5      | Killed Pikel
 15496 | D:10     | Reached skill level 5 in Short Blades
 15751 | D:12     | HP: 2/54 [poisoned by a killer bee]
 16297 | D:12     | Learned a level 4 spell: Summon Lightning Spire
 16412 | D:12     | Noticed a cyclops
 16526 | D:12     | Killed a cyclops
 16533 | D:12     | Noticed a six-headed hydra
 16551 | D:12     | Got a scorched leather armour
 16577 | D:12     | Identified the +0 leather armour of Ecugatume {Regen+
                  | Int+4} (You found it on level 12 of the Dungeon)
 16732 | D:12     | Found a staircase to the Orcish Mines.
 17010 | D:12     | Noticed a gargoyle
 17039 | D:12     | Killed a gargoyle
 17632 | D:12     | Found Gosoguem's Armour Boutique.
 17762 | D:12     | Killed a six-headed hydra
 17898 | D:12     | Reached XP level 11. HP: 58/58 MP: 18/23
 18412 | D:12     | Learned a level 5 spell: Lightning Bolt
 18548 | D:11     | Reached **** piety under Dithmenos
 19142 | D:11     | Noticed Urug
 19452 | D:11     | Noticed Fannar
 19460 | D:11     | Reached skill level 5 in Air Magic
 19657 | D:11     | Found Nutz's Antique Armour Shop.
 19665 | D:11     | Bought a pair of runed gloves for 255 gold pieces
 19665 | D:11     | Bought a runed helmet for 255 gold pieces
 19898 | D:11     | Killed Fannar
 19915 | D:11     | Killed Urug
 20088 | D:11     | Found the +7 captain's cutlass {speed, disarm}
 21180 | D:10     | Noticed a two-headed ogre
 21195 | D:10     | Killed a two-headed ogre
 21463 | D:10     | Found a staircase to the Lair.
 21464 | D:10     | Noticed a death yak
 21464 | D:10     | Noticed a death yak
 21464 | D:10     | Noticed a death yak
 21464 | D:10     | Noticed a death yak
 21465 | D:10     | Noticed a death yak
 21467 | D:10     | Noticed a death yak
 21502 | D:10     | Killed a death yak
 21504 | D:10     | Killed a death yak
 21504 | D:10     | Reached skill level 10 in Spellcasting
 21765 | D:10     | Killed a death yak
 21765 | D:10     | Killed a death yak
 21765 | D:10     | Reached skill level 10 in Conjurations
 21765 | D:10     | Reached XP level 12. HP: 62/64 MP: 16/28
 21815 | D:10     | Reached ***** piety under Dithmenos
 22028 | D:10     | Killed a death yak
 22030 | D:10     | Killed a death yak
 22031 | D:10     | Killed a death yak
 22520 | D:10     | Killed a death yak
 22726 | Lair:1   | Entered Level 1 of the Lair of Beasts
 22851 | Lair:1   | Learned a level 4 spell: Airstrike
 22854 | Lair:1   | Learned a level 2 spell: Swiftness
 22883 | Lair:1   | Reached skill level 5 in Dodging
 23175 | Lair:1   | Found a dark tunnel.
 23180 | Volcano  | Entered a volcano
 23195 | Volcano  | Noticed a two-headed ogre
 23203 | Volcano  | Killed a two-headed ogre
 23227 | Volcano  | Noticed a two-headed ogre
 23235 | Volcano  | Killed a two-headed ogre
 23269 | Volcano  | Noticed a two-headed ogre
 23272 | Volcano  | Killed a two-headed ogre
 23302 | Volcano  | Noticed an ogre mage
 23303 | Volcano  | Noticed a two-headed ogre
 23304 | Volcano  | Noticed a two-headed ogre
 23317 | Volcano  | Killed a two-headed ogre
 23321 | Volcano  | Killed a two-headed ogre
 23328 | Volcano  | Killed an ogre mage
 24968 | Lair:2   | Found a frozen archway.
 24975 | IceCv    | Entered an ice cave
 26229 | Lair:2   | Noticed a seven-headed hydra
 26234 | Lair:2   | Killed a seven-headed hydra
 26592 | Lair:2   | HP: 2/66 [acid (17)]
 26971 | Lair:3   | Reached XP level 13. HP: 70/70 MP: 30/30
 29321 | Lair:4   | Found a gate leading to a gauntlet.
 29958 | Lair:4   | Found a staircase to the Shoals.
 30127 | Lair:4   | Found a hole to the Spider Nest.
 32168 | D:8      | Bought Kikubaaqudgha's Disquisition on Necromancy for 705
                  | gold pieces
 32596 | Orc:1    | Entered Level 1 of the Orcish Mines
 32671 | Orc:2    | Entered Level 2 of the Orcish Mines
 32671 | Orc:2    | Noticed an orc warlord
 32985 | Orc:1    | Killed an orc warlord
 33273 | Orc:1    | Reached skill level 1 in Shields
 33775 | Orc:1    | Learned a level 5 spell: Borgnjor's Vile Clutch
 33788 | Orc:1    | Reached ****** piety under Dithmenos
 34121 | Orc:1    | Noticed Sonja
 34769 | Orc:2    | Killed Sonja
 34849 | Orc:1    | Reached skill level 10 in Stealth
 35118 | Orc:1    | Learned a level 4 spell: Animate Dead
 35204 | Orc:1    | Found a bloodstained altar of Trog.
 35428 | Orc:2    | Found a staircase to the Elven Halls.
 35919 | Orc:2    | Paralysed by an orc sorcerer for 4 turns
 36041 | Orc:2    | Paralysed by an orc sorcerer for 2 turns
 36302 | Orc:2    | Found Sideseoqey's Distillery.
 36304 | Orc:2    | Paralysed by an orc sorcerer for 4 turns
 36536 | Orc:2    | Found Gurek's Gadget Shoppe.
 36628 | Orc:2    | Bought 2 potions of heal wounds for 140 gold pieces
 36628 | Orc:2    | Bought a potion of heal wounds for 70 gold pieces
 36646 | Orc:2    | Noticed Erolcha
 36648 | Orc:2    | Found a radiant altar of Vehumet.
 36655 | Orc:2    | Killed Erolcha
 36655 | Orc:2    | Reached XP level 14. HP: 76/76 MP: 20/31
 36988 | Orc:2    | Found an ancient bone altar of Kikubaaqudgha.
 37100 | Orc:2    | Found Panob's Gadget Emporium.
 37148 | Orc:2    | Found a roughly hewn altar of Beogh.
 37161 | Orc:2    | Found Nuil's Antique Weapon Shoppe.
 38692 | D:13     | Reached skill level 10 in Short Blades
 38845 | D:13     | Found a gate to the Vaults.
 39233 | D:14     | Found a viscous altar of Jiyva.
 39507 | D:14     | Found Muemifei's Jewellery Boutique.
 40420 | D:15     | Entered Level 15 of the Dungeon
 40856 | D:15     | Reached skill level 10 in Necromancy
 41237 | D:15     | Reached skill level 5 in Fighting
 41494 | D:15     | Noticed Azrael
 41501 | D:15     | Killed Azrael
 42283 | Shoals:1 | Entered Level 1 of the Shoals
 42518 | Shoals:1 | Learned a level 4 spell: Iskenderun's Mystic Blast
 43530 | Shoals:1 | Reached XP level 15. HP: 70/82 MP: 6/33
 44301 | Shoals:2 | Noticed a kraken
 44328 | Shoals:2 | Reached skill level 10 in Air Magic
 44857 | Shoals:2 | Killed a kraken
 47495 | Shoals:3 | Reached skill level 10 in Dodging
 48517 | Shoals:3 | Noticed Mara
 48526 | Shoals:3 | Noticed raph's illusion
 48528 | Shoals:3 | Killed Mara
 49142 | Shoals:3 | Noticed a kraken
 50110 | Lair:6   | Entered Level 6 of the Lair of Beasts
 50119 | Lair:6   | Found a viscous altar of Jiyva.
 50119 | Lair:6   | Found a staircase to the Slime Pits.
 50813 | Lair:6   | Reached XP level 16. HP: 83/90 MP: 8/35
 54504 | D:15     | Found a staircase to the Depths.
 54547 | D:15     | Found a runed translucent gate.
 54547 | D:15     | Found a runed translucent gate.
 54547 | D:15     | Found a runed translucent gate.
 54547 | D:15     | Noticed Onympaiv's ghost (journeyman BaFi)
 54976 | Elf:1    | Entered Level 1 of the Elven Halls
 54981 | Elf:1    | Paralysed by a floating eye for 2 turns
 55440 | Elf:1    | Noticed Agnes
 55443 | Elf:1    | Killed Agnes
 56424 | Elf:1    | Identified Fuoxuizui's Disquisition on Unholy Rites
 56626 | Elf:2    | Noticed Roxanne
 56753 | Elf:2    | Noticed Saint Roka
 56880 | Elf:2    | Noticed Donald
 56899 | Elf:2    | Found a runed translucent door.
 56899 | Elf:2    | Found a runed translucent door.
 56933 | Elf:2    | Noticed Asterion
 56942 | Elf:2    | Noticed an Executioner
 57459 | Elf:2    | Noticed an Ice Fiend
 57894 | Elf:2    | Killed Asterion
 58578 | Elf:2    | Killed Saint Roka
 58828 | Elf:2    | Learned a level 5 spell: Agony
 60299 | Elf:2    | Killed Donald
 61288 | Elf:3    | Entered Level 3 of the Elven Halls
 61329 | Elf:3    | Found a shimmering blue altar of Sif Muna.
 61335 | Elf:3    | Noticed a Hell Sentinel
 61341 | Elf:3    | Reached XP level 17. HP: 21/96 MP: 13/37
 63346 | Elf:3    | Identified the +8 great sword "Hydrabane" {freeze, rF+ MR+
                  | Stlth+}
 63650 | Elf:3    | Cast into level 2 of the Abyss (a deep elf demonologist)
 63822 | Abyss:2  | Found a corrupted altar of Lugonu.
 63854 | Abyss:2  | Noticed a profane servitor
 63865 | Abyss:2  | Found a shimmering blue altar of Sif Muna.
 63931 | Abyss:2  | Noticed a quicksilver dragon
 63950 | Abyss:2  | HP: 1/67 [quicksilver dragon (14)]
 63952 | Abyss:2  | Slain by a quicksilver dragon

Illustrated notes

Levels and vault maps discovered:
D:1:      minmay_arrival_stair_chambers, layout_loops_corners,
          nrook_mini_backslash
D:2:      layout_basic, nicolae_overflow_crystal_walls, skrybe_limestone_x
D:3:      layout_rooms, solitary_fountain
D:4:      layout_layer_cave, overflow_temple_1_default, enter_ossuary_5,
          grunt_ministairs_3
D:5:      layout_loops_cross, serial_shops, shop, uniq_grinder, uniq_pikel
D:6:      layout_gridville, lemuel_coloured_pillars_altar,
          yredelemnul_altar_generic, gup_sewer_entry_bubbles
D:7:      layout_cave_pools, minmay_temple_entry_enclosed_plants,
          minmay_hedge_maze
D:8:      layout_cave_pools, zin_statuary, nicolae_evil_shop
D:9:      layout_big_octagon, nicolae_ru_sacrificial_ziggurat,
          gammafunk_temple_overflow_elements
D:10:     layout_basic, dpeg_lair_monsters
D:11:     minmay_razor_zed, layout_irregular_city, serial_shops, shop_fountains,
          uniq_urug, uniq_fannar
D:12:     layout_grid_maze, david_orc_3, serial_shops, kennysheep_mini
D:13:     layout_roguey, david_vaults_1
D:14:     layout_roguey, serial_shops, nicolae_shop_trees,
          kennysheep_pointless_box, jiyva_altar_1
D:15:     grunt_enter_depths_magical_seal, layout_basic,
          gammafunk_ghost_necromancy, abandoned_shop, grunt_ministairs_6,
          minmay_shattered_shrine, uniq_azrael
Lair:1:   layout_layer_cave, enter_volcano_4
Lair:2:   layout_layer_cave, portal_ice_cave_rime, minivault_11,
          minmay_lair_oklob_bushes, lemuel_old_faithful
Lair:3:   layout_regular_city, minmay_lair_oklob_chamber, grunt_megastairs_1
Lair:4:   layout_roguey, shoals_dummy_entry, dummy_spider_entry,
          gauntlet_entry_generic, infiniplex_staircase_pool,
          serial_bayou_shore_b, grunt_megastairs_4
Lair:5:   layout_hall_layers
Lair:6:   minmay_lair_end_enchanted_forest, layout_gridlike, slime_altar_1
Shoals:1: layout_shoals
Shoals:2: cheibrodos_shoals_baths, layout_shoals
Shoals:3: layout_shoals, uniq_mara
Orc:1:    cheibrodos_orc_guarddog, layout_caves, bloody_trog, uniq_sonja
Orc:2:    kennysheep_orc_mage_school, layout_diamond_mine,
          nicolae_orc_flooded_monolith
Elf:1:    minmay_elf_arrival_circle, layout_gridlike, serial_aquarium,
          aquarium_bridge_square [aquarium_subvault_bridge,
          aquarium_subvault_bridge, aquarium_subvault_wall,
          aquarium_subvault_wall], aquarium_window_1, aquarium_window_fake,
          aquarium_window_fake, aquarium_window_1, aquarium_view_2e,
          minmay_elf_necromancy, uniq_agnes
Elf:2:    layout_loops_corners, grunt_megastairs_5, uniq_donald,
          uniq_saint_roka, uniq_asterion, uniq_roxanne
Elf:3:    grunt_elf_hall_asides, layout_loops_cross, basic_altar, nicolae_wwwww,
          uniq_louise
Abyss:2:  base: Crypt:1, evilmike_abyss_exit_9

Skill      XL: |  1  2  3  4  5  6  7  8  9 10 11 12 13 14 15 16 17 |
---------------+----------------------------------------------------+-----
Conjurations   | 2 3 4 5 6 7 10 11 12 13 14 | 14.0
Stealth        | 3 4 5 6 7 8 10 11 12 13 | 13.7
Dodging        | 3 4 6 7 8 11 13 | 13.7
Spellcasting   | 5 7 10 11 12 13 14 | 14.7
Summonings     | 2 3 4 5 6 |  6.4
Fire Magic     | 1 2 |  2.7
Air Magic      | 1 2 3 6 8 9 10 11 | 11.7
Short Blades   | 2 4 6 7 9 10 | 10.0
Fighting       | 2 3 4 5 6 7 |  7.7
Necromancy     | 3 5 8 10 11 | 11.4
Poison Magic   | 2 |  2.6
Invocations    | 2 3 4 |  4.0
Shields        | 2 4 |  4.0
Translocations | |  1.1

Action                   |  1- 3 |  4- 6 |  7- 9 | 10-12 | 13-15 | 16-18 || total
-------------------------+-------+-------+-------+-------+-------+-------++-------
Melee: Dagger            |    16 |    36 |   200 |   320 |   652 |   145 ||  1369
       Staff             |       |       |       |     1 |    11 |     5 ||    17
       Cutlass           |       |       |       |       |       |    90 ||    90
Throw: Dart              |       |       |       |       |    10 |     5 ||    15
 Cast: Magic Dart        |   101 |    72 |   250 |   202 |    85 |    18 ||   728
       Call Imp          |    14 |    32 |    61 |    32 |       |       ||   139
       Blink             |     1 |     9 |    25 |    25 |    40 |     9 ||   109
       Mephitic Cloud    |       |     3 |    19 |    33 |    32 |    10 ||    97
       Conjure Flame     |       |    23 |     7 |       |       |       ||    30
       Animate Skeleton  |       |       |    14 |    34 |    14 |       ||    62
       Dazzling Flash    |       |       |     1 |       |     7 |       ||     8
       Apportation       |       |       |     1 |     4 |    13 |     6 ||    24
       Summon Lightning  |       |       |       |    30 |    73 |    17 ||   120
       Lightning Bolt    |       |       |       |    53 |   186 |    83 ||   322
       Animate Dead      |       |       |       |       |    19 |     1 ||    20
       Airstrike         |       |       |       |       |   102 |   120 ||   222
       Swiftness         |       |       |       |       |     7 |     7 ||    14
       Borgnjor's Vile C |       |       |       |       |    62 |     8 ||    70
       Iskenderun's Myst |       |       |       |       |     3 |    34 ||    37
       Agony             |       |       |       |       |       |    10 ||    10
Invok: Shadow Step       |       |       |       |       |     1 |     1 ||     2
Evoke: Wand              |       |       |       |     5 |     7 |     3 ||    15
       Phial of floods   |       |       |       |       |       |     1 ||     1
  Use: Scroll            |     9 |     9 |     7 |    10 |    17 |     9 ||    61
       Potion            |       |     2 |     7 |     1 |     6 |     9 ||    25
 Stab: Sleeping          |     4 |     1 |     8 |    21 |    40 |    10 ||    84
       Confused          |       |     1 |     6 |     9 |     3 |     4 ||    23
       Distracted        |       |       |     3 |     6 |     4 |     2 ||    15
       Invisible         |       |       |     1 |       |     4 |       ||     5
Armor: Robe              |     9 |     5 |    66 |    91 |   125 |    53 ||   349
Dodge: Dodged            |    32 |    52 |   301 |   214 |   522 |   202 ||  1323
Block: Other             |       |       |       |     2 |    34 |       ||    36
       Reflection        |       |       |       |     1 |    47 |    14 ||    62
       Buckler           |       |       |       |       |   348 |   179 ||   527

Table legend: (Time is in decaauts)
 A = Elapsed time spent in this place.
 B = Non-inter-level travel time spent in this place.
 C = Inter-level travel time spent in this place.
 D = Time resting spent in this place.
 E = Time spent auto-exploring this place.
 F = Levels seen in this place.
 G = Mean time per level.
                   A        B        C        D        E       F      G
               +--------+--------+--------+--------+--------+-----+--------+
         Total |  63733 |  60587 |   3146 |  31779 |  16717 |  33 | 1931.3 |
       Dungeon |  28136 |  26257 |   1879 |  12015 |   9003 |  15 | 1875.7 |
          Lair |  12004 |  11466 |    538 |   5773 |   3970 |   6 | 2000.7 |
        Shoals |   7712 |   7451 |    261 |   4569 |   1005 |   3 | 2570.7 |
  Orcish Mines |   4748 |   4615 |    133 |   2725 |   1001 |   2 | 2374.0 |
   Elven Halls |   8587 |   8252 |    335 |   5083 |   1657 |   3 | 2862.3 |
         Abyss |    290 |    290 |      0 |     63 |      0 |   1 |  290.0 |
       Ossuary |   1178 |   1178 |      0 |    841 |      0 |   1 | 1178.0 |
      Ice Cave |    553 |    553 |      0 |    468 |      0 |   1 |  553.0 |
       Volcano |    523 |    523 |      0 |    242 |     80 |   1 |  523.0 |
               +--------+--------+--------+--------+--------+-----+--------+

Top non-repeatable levels by time:
   Elf:2: 3822 daAuts
    D:12: 3630 daAuts
   Elf:1: 3135 daAuts
  Lair:6: 3081 daAuts
Shoals:3: 2853 daAuts
  Lair:3: 2707 daAuts
Shoals:1: 2578 daAuts
   Orc:2: 2575 daAuts
    D:11: 2552 daAuts
    D:10: 2538 daAuts
Shoals:2: 2280 daAuts
   Orc:1: 2172 daAuts
     D:4: 2102 daAuts
    D:14: 1982 daAuts
    D:15: 1953 daAuts
